 Dungeon Crawl Stone Soup version 0.24.0-13-gcf9b319 (webtiles) character file.

Game seed: 4699706392757966102, levelgen mode: deterministic

7949 Chrisjfl the Carver (level 11, -3/63 HPs)
             Began as a Tengu Gladiator on Mar 24, 2020.
             Was a Priest of Okawaru.
             Slain by a water moccasin (8 damage)
             ... on level 1 of the Lair of Beasts.
             The game lasted 00:31:10 (12669 turns).

Chrisjfl the Carver (Tengu Gladiator)              Turns: 12669, Time: 00:31:10

Health: -3/63      AC:  8    Str: 19    XL:     11   Next: 23%
Magic:  10/17      EV: 13    Int: 12    God:    Okawaru [***...]
Gold:   281        SH:  0    Dex: 15    Spells: 10/10 levels left

rFire    + . .     SeeInvis .   a - +1 scimitar (freeze)
rCold    . . .     Gourm    .   (no shield)
rNeg     + . .     Faith    .   u - +0 scale mail
rPois    .         Spirit   .   c - +0 hat
rElec    .         Reflect  .   l - scarf {repulsion}
rCorr    .         Harm     .   h - +0 pair of gloves
MR       .....                  (boots unavailable)
Stlth    ..........             (no amulet)
HPRegen  0.20/turn              y - +4 ring of intelligence
MPRegen  0.15/turn              L - ring of positive energy

@: about to teleport, flying quickly and evasively, repel missiles, quick
A: antennae 1, beak, talons 3, fire resistance 1, high mp 1, no potion heal 1,
MP-powered wands, able to fly
a: Stop Flying, Heroism, Renounce Religion


You were on level 1 of the Lair of Beasts.
You worshipped Okawaru.
Okawaru was most pleased with you.
You were not hungry.

You visited 3 branches of the dungeon, and saw 13 of its levels.
You also visited: Ossuary.

You collected 470 gold pieces.
You spent 189 gold pieces at shops.

Inventory:

Hand Weapons
 a - a +1 scimitar of freezing (weapon)
 b - a +0 fustibalus
Missiles
 d - 2 throwing nets
 g - 265 stones (quivered)
 K - 4 boomerangs
 P - 30 poisoned darts
Armour
 c - a +0 hat (worn)
 h - a +0 pair of gloves (worn)
 l - a scarf of repulsion (worn)
 u - a +0 scale mail (worn)
 v - a +0 chain mail
 R - a +0 plate armour
Jewellery
 y - a +4 ring of intelligence (left hand)
 D - a +3 ring of intelligence
 L - a ring of positive energy (right hand)
 O - the ring of Caxato {+Blink +Fly MR- Str+8 Int-4, unknown}
   (You found it on level 10 of the Dungeon)

   [ring of flight]

   It affects your strength (+8).
   It affects your intelligence (-4).
   It affects your resistance to hostile enchantments.
   It lets you fly.
   It lets you blink.
Wands
 j - a wand of paralysis (9)
 o - a wand of random effects (9)
 N - a wand of flame (24)
Scrolls
 i - a scroll of blinking
 n - a scroll of fog {unknown}
 r - 2 scrolls of identify
 t - 2 scrolls of remove curse
 x - a scroll of enchant weapon
 z - 4 scrolls of amnesia
 C - 3 scrolls of teleportation
 H - a scroll of magic mapping
 J - 3 scrolls of holy word {unknown}
 Q - a scroll of acquirement {unknown}
Potions
 e - 2 potions of might
 k - 2 potions of flight
 m - 3 potions of curing
 p - 2 potions of haste
 q - a potion of magic
 s - a potion of agility
 w - 3 potions of lignification {unknown}
 A - 2 potions of cancellation
 B - 2 potions of resistance
 E - 2 potions of degeneration {unknown}
 F - 2 potions of brilliance {unknown}
 G - a potion of invisibility
 I - a potion of ambrosia {unknown}
Comestibles
 f - 14 rations
 M - 5 chunks of flesh


   Skills:
 + Level 5.1 Fighting
 - Level 14.0 Long Blades
 - Level 5.0 Throwing
 - Level 6.1 Armour
 - Level 3.2 Dodging
 - Level 5.1 Invocations
 - Level 3.1 Evocations


You had 10 spell levels left.
You didn't know any spells.
Your spell library contained the following spells:

 Spells                   Type           Power        Failure   Level  Hunger
 Confusing Touch          Hex            #.....       65%         1    ##.....
 Summon Small Mammal      Summ           #...         65%         1    ##.....
 Call Imp                 Summ           #.......     80%         2    ###....
 Call Canine Familiar     Summ           #.......     95%         3    ####...
 Confuse                  Hex            #.......     95%         3    ####...
 Gell's Gravitas          Tloc           #.........   95%         3    ####...
 Summon Guardian Golem    Hex/Summ       #.......     95%         3    ####...
 Petrify                  Tmut/Erth      #.......     100%        4    #####..
 Summon Ice Beast         Ice/Summ       #.......     100%        4    #####..
 Summon Lightning Spire   Summ/Air       #.......     100%        4    #####..
 Metabolic Englaciation   Hex/Ice        #.........   100%        5    ######.
 Yara's Violent Unravell  Hex/Tmut       #.........   100%        5    ######.


Dungeon Overview and Level Annotations

Branches:
Dungeon (11/15)            Temple (1/1) D:7            Lair (1/6) D:10
Ossuary (visited)
    Orc: D:9-12

Altars:
Ashenzari
Cheibriados
Dithmenos
Elyvilon
Fedhas
Gozag
Hepliaklqana
Kikubaaqudgha
Makhleb
Nemelex Xobeh
Okawaru
Qazlal
Ru
Sif Muna
Trog
Uskayaw
Vehumet
Wu Jian
Xom
Yredelemnul
Zin
The Shining One

Shops:
D:7 (((   D:9 (

Annotations:
D:9 2 transporters, ardl's ghost, novice TeFE
Lair:1 1 runed translucent door, oldmanjim's ghost, journeyman FoFi


Innate Abilities, Weirdness & Mutations

You have a beak for a mouth.
You have claws for feet.
You can fly continuously.
You have a pair of small antennae on your head.
Your flesh is heat resistant. (rF+)
You have an increased reservoir of magic. (+10% MP)
Potions are less effective at restoring your health.
You expend magic power (3 MP) to strengthen your wands.


Message History

A water moccasin comes into view.
The yak closely misses you.
You riposte.
You barely miss the yak. Your kick misses the yak.
The water moccasin closely misses you.
Found 26 bolts.
There is a stone staircase leading down here.
Something gores the plant.
The yak gores you!
Something gores the plant!
The water moccasin misses you. x2
A hippogriff comes into view.
The hippogriff screeches!
The water moccasin bites you.
* * * LOW HITPOINT WARNING * * *
The water moccasin bites you.
* * * LOW HITPOINT WARNING * * *
The water moccasin closely misses you.
As you read the scroll of teleportation, it crumbles to dust.
You feel strangely unstable. The yak gores you!
* * * LOW HITPOINT WARNING * * *
The water moccasin bites you!
You die...

#............#
##...........#
#........#..##
#.#...........#
####...#......#
#...........#
##.#(YY.....#
##.YSS.#..##
#...@H....#
#...........#
##...........
#.........##
#...#....##
##.. ...... ...
....... ##..
......#


You could see a hippogriff, 3 yaks and 2 water moccasins.

Vanquished Creatures
  A two-headed ogre (D:10)
  Maurice (D:9)
  A komodo dragon (D:9)
  A troll (D:10)
  4 hippogriffs
  3 wyverns
  A vampire (D:10)
  A hungry ghost (D:7)
  2 porcupines
  A sky beast (D:9)
  2 orc warriors
  A phantom (D:6)
  6 ogres
  4 centaurs
  3 big kobolds
  7 bullfrogs
  A water moccasin zombie (D:7)
  2 scorpions
  3 wights (D:8)
  5 howler monkeys
  3 crimson imps
  2 centaur zombies
  3 bullfrog zombies
  4 hounds
  A quasit (D:10)
  7 orc priests
  4 jellies
  A bullfrog skeleton (D:9)
  4 iguanas
  20 orc wizards
  A hell rat (D:10)
  9 worker ants
  3 killer bee zombies (Ossuary)
  2 hound zombies (Ossuary)
  2 hound skeletons
  21 mummies (Ossuary)
  A howler monkey zombie (Ossuary)
  2 worker ant zombies (Ossuary)
  11 gnolls
  13 adders
  A shadow imp (D:5)
  An ooze (D:2)
  An adder zombie (Ossuary)
  An adder skeleton (D:6)
  4 worms
  3 dart slugs
  8 leopard geckos
  37 orcs
  10 bats
  7 giant cockroaches
  9 goblins
  10 hobgoblins
  21 jackals
  21 kobolds
  12 quokkas
  A ball python (D:3)
  3 frilled lizards
  A leopard gecko skeleton (D:4)
  A leopard gecko zombie (Ossuary)
  5 quokka zombies (Ossuary)
  5 rats
326 creatures vanquished.

Vanquished Creatures (others)
  A withered plant (Ossuary)
1 creature vanquished.

Grand Total: 327 creatures vanquished

Notes
Turn   | Place    | Note
-------+----------+-------------------------------------------
     0 | D:1      | Chrisjfl the Tengu Gladiator began the quest for the Orb.
     0 | D:1      | Reached XP level 1. HP: 12/12 MP: 2/2
   133 | D:1      | Reached XP level 2. HP: 10/17 MP: 3/3
   138 | D:1      | Reached skill level 4 in Long Blades
   659 | D:1      | Reached XP level 3. HP: 13/21 MP: 4/4
   946 | D:2      | Found a burning altar of Makhleb.
   984 | D:2      | Reached skill level 5 in Long Blades
  1080 | D:2      | Reached XP level 4. HP: 26/26 MP: 5/5
  2315 | D:3      | Reached skill level 6 in Long Blades
  2347 | D:3      | Gained mutation: You can fly continuously. [Tengu growth]
  2347 | D:3      | Reached XP level 5. HP: 22/30 MP: 6/6
  2481 | D:3      | Reached skill level 7 in Long Blades
  2512 | D:3      | Reached XP level 6. HP: 26/35 MP: 7/7
  3364 | D:4      | Reached skill level 8 in Long Blades
  3381 | D:4      | Reached skill level 1 in Armour
  3419 | D:4      | Reached XP level 7. HP: 21/40 MP: 8/8
  4201 | D:5      | Entered Level 5 of the Dungeon
  4343 | D:5      | Reached skill level 5 in Armour
  4505 | D:5      | Reached XP level 8. HP: 44/44 MP: 9/9
  4596 | D:5      | Reached skill level 1 in Evocations
  5274 | D:6      | Gained mutation: Your muscles are strong. (Str +2) [potion
                  | of mutation]
  5274 | D:6      | Gained mutation: Your body sometimes deteriorates upon
                  | taking damage. [potion of mutation]
  5274 | D:6      | Gained mutation: You are somewhat resistant to further
                  | mutation. [potion of mutation]
  5295 | D:7      | Reached skill level 9 in Long Blades
  5349 | D:7      | Found Togutana's Antique Weapon Shoppe.
  5370 | D:7      | Noticed a hippogriff
  5434 | D:6      | Found a sand-covered staircase.
  5560 | Ossuary  | Entered an ossuary
  5880 | Ossuary  | Reached skill level 10 in Long Blades
  5886 | Ossuary  | Reached XP level 9. HP: 35/48 MP: 12/12
  6429 | D:6      | Reached skill level 11 in Long Blades
  6979 | D:7      | Found Piocuerph's Weapon Shop.
  7032 | D:7      | Reached skill level 12 in Long Blades
  7210 | D:7      | Found a staircase to the Ecumenical Temple.
  7352 | Temple   | Entered the Ecumenical Temple
  7497 | Temple   | Became a worshipper of Warmaster Okawaru
  7543 | D:7      | Found Godopink's Antique Weapon Emporium.
  7681 | D:7      | Paralysed by a big kobold for 2 turns
  7861 | D:8      | Reached XP level 10. HP: 37/53 MP: 13/13
  7931 | D:8      | Reached skill level 5 in Throwing
  8124 | D:8      | Reached * piety under Okawaru
  8367 | D:8      | Reached skill level 13 in Long Blades
  8727 | D:8      | HP: 2/53 [poisoned by an orc warrior]
  9090 | D:8      | Found a stormy altar of Qazlal.
  9465 | D:9      | Found a transporter.
  9474 | D:9      | Found a transporter.
  9480 | D:9      | Noticed a moth of wrath
  9587 | D:9      | Noticed Maurice
  9627 | D:9      | Noticed ardl's ghost (novice TeFE)
  9694 | D:9      | Killed Maurice
  9694 | D:9      | Reached ** piety under Okawaru
  9987 | D:9      | Found Gocloa's Antique Weapon Shop.
 10155 | D:9      | Bought a runed scimitar for 189 gold pieces
 10166 | D:9      | Reached skill level 14 in Long Blades
 10271 | D:9      | Reached skill level 1 in Invocations
 11109 | D:10     | Entered Level 10 of the Dungeon
 11359 | D:10     | Noticed a death yak
 11454 | D:9      | Reached XP level 11. HP: 35/57 MP: 15/15
 11571 | D:9      | Lost mutation: You are somewhat resistant to further
                  | mutation. [potion of mutation]
 11571 | D:9      | Gained mutation: You have a pair of small antennae on your
                  | head. [potion of mutation]
 11571 | D:9      | Gained mutation: You are frail. (-10% HP) [potion of
                  | mutation]
 11571 | D:9      | Gained mutation: You have an increased reservoir of magic.
                  | (+10% MP) [potion of mutation]
 11571 | D:9      | Gained mutation: Your flesh is heat resistant. (rF+)
                  | [potion of mutation]
 11572 | D:9      | Lost mutation: You are frail. (-10% HP) [potion of
                  | mutation]
 11572 | D:9      | Lost mutation: Your body sometimes deteriorates upon taking
                  | damage. [potion of mutation]
 11572 | D:9      | Lost mutation: Your muscles are strong. (Str +2) [potion of
                  | mutation]
 11572 | D:9      | Gained mutation: Potions are less effective at restoring
                  | your health. [potion of mutation]
 11572 | D:9      | Gained mutation: You expend magic power (3 MP) to
                  | strengthen your wands. [potion of mutation]
 11631 | D:10     | Noticed a death yak
 11631 | D:10     | Noticed a death yak
 11697 | D:10     | Reached skill level 5 in Invocations
 11736 | D:10     | Found a staircase to the Lair.
 11741 | D:10     | Got a heavily runed steel ring
 11748 | D:10     | Noticed a two-headed ogre
 11788 | D:11     | Reached *** piety under Okawaru
 12637 | D:10     | Killed a two-headed ogre
 12637 | D:10     | Reached skill level 5 in Fighting
 12642 | Lair:1   | Entered Level 1 of the Lair of Beasts
 12643 | Lair:1   | Noticed oldmanjim's ghost (journeyman FoFi)
 12646 | Lair:1   | Found a runed translucent door.
 12669 | Lair:1   | Slain by a water moccasin

Levels and vault maps discovered:
D:1:      dpeg_arrival_oval, layout_loops_ring, moated_statue,
          minmay_misc_feat_secret_circle, minmay_hexomino_f4
D:2:      layout_basic, bloody_makhleb, first_ration, minivault_19
D:3:      layout_loops_corners
D:4:      layout_rooms, kennysheep_generic_room_9
D:5:      layout_basic, minivault_4, lightli_corner_chamber
D:6:      layout_rooms, nicolae_ossuary_entry_false_entrances,
          grunt_ministairs_15
D:7:      layout_gridville, minmay_temple_entry_glassed_door, serial_shops,
          shop, nicolae_shop_stone, nicolae_shop_stone
D:8:      layout_loops_ring, marbit_many_paths
D:9:      layout_stronghold, serial_shops, shop_statue,
          gammafunk_ghost_berserking_beasts, uniq_maurice
D:10:     layout_cave_pools, dpeg_lair_monsters
D:11:     layout_layer_cave, orc_0_dummy, hangedman_little_slice_of_home,
          uniq_urug
Temple:   regret_index_temple_chain_breaker
Lair:1:   layout_cave_shapes, hellmonk_ghost_happy_afterlife

Skill      XL: |  1  2  3  4  5  6  7  8  9 10 11 |
---------------+----------------------------------+-----
Long Blades    | 4 5 6 7 8 10 12 14 | 14.0
Armour         | 1 5 6 |  6.1
Evocations     | 3 |  3.1
Throwing       | 4 5 |  5.0
Invocations    | 4 5 |  5.1
Fighting       | 5 |  5.1
Dodging        | |  3.2

Action                   |  1- 3 |  4- 6 |  7- 9 | 10-12 || total
-------------------------+-------+-------+-------+-------++-------
Melee: Long sword        |    80 |   138 |   279 |   104 ||   601
       Kick              |    20 |    43 |   131 |    85 ||   279
       Peck              |    16 |    37 |    65 |    51 ||   169
       Scimitar          |       |       |       |   138 ||   138
 Fire: Fustibalus        |       |    20 |   162 |    77 ||   259
Throw: Stone             |       |     1 |       |       ||     1
       Throwing net      |       |       |     2 |       ||     2
 Abil: Fly               |       |     1 |       |       ||     1
Evoke: Wand              |       |     1 |     3 |     9 ||    13
  Use: Scroll            |       |       |    15 |     6 ||    21
       Potion            |       |       |     5 |     4 ||     9
 Stab: Sleeping          |       |     1 |       |       ||     1
       Paralysed         |       |       |     2 |     8 ||    10
  Eat: Chunk             |     1 |     7 |    10 |    15 ||    33
       Ration            |       |       |     1 |       ||     1
Armor: Leather armour    |    30 |     7 |       |       ||    37
       Scale mail        |       |    39 |    79 |    66 ||   184
Dodge: Dodged            |    55 |    89 |   181 |   169 ||   494
       Deflected         |     1 |       |     6 |    14 ||    21
       Rpst.: Long sword |    25 |    31 |    52 |    13 ||   121
       Scimitar          |       |       |       |    26 ||    26
